 Dungeon Sprint DCSS version 0.28-a0-1447-ga5a8893891 (webtiles) character file.

Game seed: 16981313695389656618

5039 mhtbhm the Scorcher (level 10, -12/50 HPs)
             Began as a Deep Elf Fire Elementalist on Jan 11, 2022.
             Was the Champion of Vehumet.
             Mangled by a +3 vorpal halberd (23 damage)
             ... in the Dungeon (Sprint V: "Ziggurat Sprint").
             The game lasted 00:10:23 (976 turns).

mhtbhm the Scorcher (Deep Elf Fire Elementalist)     Turns: 976, Time: 00:10:23

Health: -12/50     AC:  9    Str:  5    XL:     10   Next: 30%
Magic:  0/30       EV: 15    Int: 37    God:    Vehumet [******]
Gold:   0          SH:  0    Dex: 15    Spells: 6/37 levels left

rFire   + + +      SeeInvis .   C - +8 lance "Wyrmbane" {slay drac, rPois rF+ rC+ AC+3}
rCold   x . .      Faith    .   (no shield)
rNeg    . . .      Spirit   .   a - +3 salamander hide armour {Flames rF++ rC--}
rPois   +          Reflect  .   (no helmet)
rElec   +          Harm     .   (no cloak)
rCorr   .          Rampage  .   (no gloves)
Will    +....      NoTele   +   (no boots)
Stlth   ++++......              E - amulet of the Air {Inacc Air Fly rElec RMsl}
HPRegen 0.16/turn               u - +6 ring of intelligence
MPRegen 0.22/turn               v - +6 ring of intelligence

@: flying, studying 2 skills, repel missiles
A: no striking features
a: Renounce Religion


You were in the Dungeon.
You worshipped Vehumet.
Vehumet was exalted by your worship.
You visited 1 branch

Inventory:

Hand Weapons
 C - the +8 lance "Wyrmbane" (weapon) {slay drac, rPois rF+ rC+ AC+3}
   (You found it in the Dungeon)

   It inflicts extra damage against dragons and draconians.
   AC:        It affects your AC (+3).
   rF:        It protects you from fire.
   rC:        It protects you from cold.
   rPois:     It protects you from poison.
Armour
 a - the +3 salamander hide armour (worn) {Flames rF++ rC--}
   (You found it in the Dungeon)

   It surrounds you with a cloud of flames.
   It grants immunity to clouds of flame.
   It enhances your fire magic.
   rF:        It greatly protects you from fire.
   rC:        It makes you very vulnerable to cold.
Magical Staves
 w - a staff of fire
Jewellery
 s - a ring of wizardry
 u - a +6 ring of intelligence (left hand)
 v - a +6 ring of intelligence (right hand)
 x - a ring of willpower
 D - a ring of the Octopus King {Fly AC+1 EV+1 Str+1 Int+1 Dex+1}
   (You found it in the Dungeon)

   [ring of flight]

   AC:        It affects your AC (+1).
   EV:        It affects your evasion (+1).
   Str:       It affects your strength (+1).
   Int:       It affects your intelligence (+1).
   Dex:       It affects your dexterity (+1).
   Fly:       It grants you flight.
 E - the amulet of the Air (around neck) {Inacc Air Fly rElec RMsl}
   (You found it in the Dungeon)

   [amulet of nothing]

   It reduces the accuracy of all your attacks.
   It enhances your air magic.
   rElec:     It insulates you from electricity.
   Fly:       It grants you flight.
   RMsl:      It protects you from missiles.
 G - a ring of magical power
 H - a ring of poison resistance
Wands
 y - a wand of mindburst (7)
 z - a wand of iceblast (2)
 A - a wand of acid (6)
Scrolls
 g - 3 scrolls of blinking
 m - 4 scrolls of amnesia
 n - 7 scrolls of fog
 o - a scroll of holy word
 p - 5 scrolls of identify
 q - a scroll of fear
 t - 4 scrolls of enchant weapon
Potions
 b - 10 potions of curing
 c - 11 potions of heal wounds
 d - 6 potions of haste
 e - 7 potions of magic
 f - 3 potions of berserk rage
 h - 2 potions of brilliance
 i - 2 potions of invisibility
 j - 4 potions of resistance
 k - a potion of experience
 l - 6 potions of might
Miscellaneous
 r - a box of beasts
 B - a lightning rod (4/4)
 F - a tin of tremorstones (2/2)


   Skills:
 + Level 3.5 Armour
 + Level 9.5 Dodging
 + Level 10.2 Stealth
 + Level 14.4 Spellcasting
 + Level 8.3 Conjurations
 + Level 16.7 Fire Magic
 * Level 7.9 Earth Magic
 + Level 7.3 Evocations


You had 6 spell levels left.
You knew the following spells:

 Your Spells              Type           Power      Damage    Failure   Level
a - Foxfire               Conj/Fire      100%       2x1d9     0%          1
b - Scorch                Fire           100%       2d10      0%          2
c - Conjure Flame         Conj/Fire      100%       6-21      1%          3
d - Inner Flame           Hex/Fire       93%        N/A       1%          3
e - Flame Wave            Conj/Fire      100%       2d14      1%          4
f - Fire Storm            Conj/Fire      54%        8d14      95%         9
g - Shatter               Erth           36%        3d29*     100%        9

Your spell library contained the following spells:

 Spells                   Type           Power      Damage    Failure   Level
 Airstrike                Air            19%        N/A       6%          4
 Ignite Poison            Fire/Tmut/Pois 80%        N/A       1%          3
 Mephitic Cloud           Conj/Pois/Air  63%        N/A       1%          3
 Slow                     Hex            100%       N/A       2%          1
 Freezing Cloud           Conj/Ice/Air   31%        6-21      5%          5
 Confusing Touch          Hex            26%        N/A       6%          3
 Ozocubu's Armour         Ice            26%        N/A       6%          3
 Vampiric Draining        Necr           26%        2d7       6%          3
 Ozocubu's Refrigeration  Ice            13%        4d7       98%         7
 Chain Lightning          Conj/Air       36%        3d48      100%        9


Dungeon Overview and Level Annotations

Branches:
Dungeon (1/1)

Altars:
Ashenzari
Cheibriados
Dithmenos
Elyvilon
Fedhas
Gozag
Hepliaklqana
Kikubaaqudgha
Makhleb
Nemelex Xobeh
Okawaru
Qazlal
Ru
Sif Muna
Trog
Uskayaw
Vehumet
Wu Jian
Xom
Yredelemnul
Zin
The Shining One
Beogh
Jiyva
Lugonu

Annotations:
D 1 transporter


Message History

The tremorstone explodes into fragments!
The burst of rock shards engulfs the +3 vorpal halberd!
The burst of rock shards engulfs the neqoxec!
The burst of rock shards engulfs the orc high priest.
The burst of rock shards engulfs the soul eater but does no damage.
The burst of rock shards engulfs the deep elf zephyrmancer!!
You kill the deep elf zephyrmancer!
Vehumet accepts your kill.
The burst of rock shards engulfs the orc high priest.
You kill the orc high priest!
Vehumet accepts your kill.
You feel your power returning.
The neqoxec disappears in a puff of smoke!
The soul eater disappears in a puff of smoke!
The burst of rock shards engulfs the deep elf pyromancer!
The burst of rock shards engulfs the fire elemental!
The burst of rock shards engulfs the +3 vorpal halberd but does no damage.
The burst of rock shards engulfs the +2 antimagic halberd but does no damage.
The burst of rock shards engulfs the fire elemental!
The burst of rock shards engulfs the +3 vorpal halberd.
The +3 vorpal halberd hits you from afar!
* * * LOW HITPOINT WARNING * * *
x2 The +2 antimagic halberd completely misses you.
The deep elf pyromancer mumbles some strange words.
The deep elf pyromancer blinks!
Your tin of tremorstones (2/2) has regained one charge.
Your Spellcasting skill increases to level 14!
Your Conjurations skill increases to level 8!
Your Earth Magic skill gained 2 levels and is now at level 7!
Your Evocations skill increases to level 7!
Unknown command.
Unknown command.
Unknown command.
You feel much better.
The +2 antimagic halberd hits you from afar!!
* * * LOW HITPOINT WARNING * * *
You feel your power leaking away. The +3 vorpal halberd misses you.
The +3 vorpal halberd hits you from afar!!
You die...

▓.........▓...[...▓
▓....[....▓.......▓
▓.........▓.......▓
▓....)....▓.......▓
▓..†...†..▓...)...▓
▓.........▓...)...▓
▓....©....▓.).©.†.▓
▓▓▓▓▓▓▓▓▓▓▓▓▓▓▓▓▓▓▓
▓...8©8.○@▓..8©8..▓
▓..=)§)[§○▓...))..▓
▓...|[|((.▓..|....▓
▓....)○)..▓.......▓
▓......E).▓.......▓
▓..§e.☼.§.▓...†...▓
▓....§○...▓.......▓
▓.....°...▓.▓...▓.▓
▓....©....▓...©...▓


You could see a deep elf pyromancer, a fire elemental (summoned) and 2 dancing
weapons.

Vanquished Creatures
  An orc high priest (D)
  A deep elf archer (D)
  2 deep elf zephyrmancers (D)
  A draconian (D)
  3 spriggans (D)
  A yak (D)
  A fire elemental (D)
  2 nagas (D)
  2 water moccasins (D)
  2 floating eyes (D)
  2 necrophages (D)
  3 wolves (D)
  A phantom (D)
  A bullfrog (D)
  A jelly (D)
  An iguana (D)
  2 river rats (D)
  4 adders (D)
  4 ball pythons (D)
  An endoplasm (D)
  A jackal (D)
  A ball python skeleton (D)
  A ball python zombie (D)
  A giant cockroach zombie (D)
40 creatures vanquished.

Vanquished Creatures (collateral kills)
  2 draconians (D)
2 creatures vanquished.

Vanquished Creatures (others)
  25 foxfires (D)
25 creatures vanquished.

Grand Total: 67 creatures vanquished

Notes
Turn   | Place    | Note
-------+----------+-------------------------------------------
     0 | D        | mhtbhm the Deep Elf Fire Elementalist began the quest for
                  | the Orb.
     0 | D        | Reached XP level 1. HP: 10/10 MP: 6/6
     0 | D        | Found a shimmering blue altar of Sif Muna.
     0 | D        | Found a bloodstained altar of Trog.
     0 | D        | Found a sacrificial altar of Ru.
     0 | D        | Found a stormy altar of Qazlal.
     0 | D        | Found an iron altar of Okawaru.
     1 | D        | Found a sparkling altar of Nemelex Xobeh.
     1 | D        | Found a blossoming altar of Fedhas.
     1 | D        | Found the +6 Majin-Bo {vamp, MP+6 Int+6}
     1 | D        | Found the +9 heavy crossbow "Sniper" {vorpal, Acc+∞ SInv}
     1 | D        | Found the +10 dark maul {vorpal}
     1 | D        | Found the +15 Maxwell's patent armour {-Cast -Tele rElec
                  | Will+ rCorr}
     1 | D        | Found the +18 shield of the Gong {rElec rN+ Will+ EV-5}
     1 | D        | Found the +14 obsidian axe {vorpal, Mesm Drain Fly SInv}
     1 | D        | Found the +7 great mace "Firestarter" {inner flame, rF++}
     1 | D        | Found the +6 shillelagh "Devastator" {shatter}
     1 | D        | Found the +11 plutonium sword {Contam Stlth-}
     1 | D        | Found the +8 lance "Wyrmbane" {slay drac, rPois rF+ rC+
                  | AC+3}
     1 | D        | Found the +9 sword of Zonguldrok {reap}
     1 | D        | Found the +13 scythe of Curses {drain, Drain}
     1 | D        | Found the +5 sword of Power {vorpal}
     1 | D        | Found the +7 mace of Variability {chain chaos}
     1 | D        | Found the +7 Singing Sword {vorpal, sonic wave}
     1 | D        | Found the +8 storm bow {elec, penet}
     3 | D        | Found a transporter.
     3 | D        | Found an ancient bone altar of Kikubaaqudgha.
     3 | D        | Found a viscous altar of Jiyva.
     3 | D        | Found a corrupted altar of Lugonu.
     3 | D        | Found a hazy altar of Hepliaklqana.
     3 | D        | Found a burning altar of Makhleb.
     3 | D        | Found an opulent altar of Gozag.
    59 | D        | Became a worshipper of Vehumet
   109 | D        | Entered arena 2.
   109 | D        | Found a transporter.
   153 | D        | Entered arena 3.
   153 | D        | Found the +3 salamander hide armour {Flames rF++ rC--}
   153 | D        | Noticed a draconian
   153 | D        | Noticed a draconian
   153 | D        | Noticed a draconian
   153 | D        | Found a transporter.
   164 | D        | Killed a draconian
   164 | D        | Reached * piety under Vehumet
   164 | D        | Offered knowledge of Sandblast by Vehumet.
   165 | D        | Reached skill level 11 in Fire Magic
   165 | D        | Reached XP level 2. HP: 15/15 MP: 7/13
   165 | D        | Reached XP level 3. HP: 19/19 MP: 7/14
   165 | D        | Reached XP level 4. HP: 24/24 MP: 8/16
   165 | D        | Reached XP level 5. HP: 28/28 MP: 8/17
   165 | D        | Reached XP level 6. HP: 32/32 MP: 8/19
   169 | D        | Killed a draconian
   170 | D        | Reached skill level 12 in Fire Magic
   170 | D        | Reached XP level 7. HP: 36/36 MP: 8/22
   170 | D        | Killed a draconian
   171 | D        | Reached skill level 10 in Spellcasting
   171 | D        | Reached skill level 13 in Fire Magic
   171 | D        | Reached XP level 8. HP: 41/41 MP: 8/24
   295 | D        | Entered arena 4.
   295 | D        | Found a transporter.
   296 | D        | Reached ** piety under Vehumet
   297 | D        | Reached skill level 14 in Fire Magic
   400 | D        | Learned a level 2 spell: Scorch
   404 | D        | Learned a level 3 spell: Conjure Flame
   408 | D        | Learned a level 3 spell: Inner Flame
   413 | D        | Learned a level 4 spell: Flame Wave
   430 | D        | Entered arena 5.
   430 | D        | Found a transporter.
   436 | D        | Offered knowledge of Searing Ray by Vehumet.
   436 | D        | Reached *** piety under Vehumet
   543 | D        | Entered arena 6.
   543 | D        | Found a transporter.
   547 | D        | Reached **** piety under Vehumet
   549 | D        | Reached skill level 15 in Fire Magic
   549 | D        | Reached skill level 5 in Evocations
   738 | D        | Entered arena 7.
   742 | D        | Offered knowledge of Stone Arrow by Vehumet.
   742 | D        | Reached ***** piety under Vehumet
   743 | D        | Reached skill level 1 in Armour
   743 | D        | Reached XP level 9. HP: 41/45 MP: 18/26
   744 | D        | Reached skill level 5 in Conjurations
   794 | D        | Found a transporter.
   818 | D        | Entered arena 8.
   818 | D        | Found the amulet of the Air {Inacc Air Fly rElec RMsl}
   818 | D        | Found the ring of the Octopus King {Fly AC+1 EV+1 Str+1
                  | Int+1 Dex+1}
   819 | D        | Found a transporter.
   824 | D        | Reached ****** piety under Vehumet
   828 | D        | Reached skill level 16 in Fire Magic
   860 | D        | Got a ring of the Octopus King {Fly AC+1 EV+1 Str+1 Int+1
                  | Dex+1}
   887 | D        | Learned a level 9 spell: Fire Storm
   897 | D        | Learned a level 9 spell: Shatter
   897 | D        | Entered arena 9.
   898 | D        | Found a transporter.
   902 | D        | Offered knowledge of Airstrike by Vehumet.
   905 | D        | Reached skill level 1 in Earth Magic
   968 | D        | Entered arena 10.
   968 | D        | Noticed a deep elf archer
   968 | D        | Noticed a deep elf zephyrmancer
   968 | D        | Noticed a deep elf zephyrmancer
   968 | D        | Noticed a +2 antimagic halberd
   968 | D        | Noticed a deep elf pyromancer
   968 | D        | Noticed an orc high priest
   968 | D        | Noticed a +3 vorpal halberd
   969 | D        | Found a transporter.
   973 | D        | Noticed a soul eater
   974 | D        | Killed a deep elf zephyrmancer
   974 | D        | Killed a deep elf archer
   975 | D        | Reached skill level 10 in Stealth
   975 | D        | Reached skill level 5 in Earth Magic
   975 | D        | Reached XP level 10. HP: 21/50 MP: 6/29
   975 | D        | Killed a deep elf zephyrmancer
   975 | D        | Killed an orc high priest
   976 | D        | Mangled by a +3 vorpal halberd

Illustrated notes

Levels and vault maps discovered:
D:        sprint_v [room_start, room_1, room_2, room_3, room_4, room_5, room_6,
          room_7, room_8, room_9, room_10, room_11, room_12, room_13, room_14,
          room_15, room_16, room_17, room_18, room_19, room_20, room_21,
          room_22, room_23, room_24, room_25, room_26, room_27]

Skill      XL: |  1  2  3  4  5  6  7  8  9 10 |
---------------+-------------------------------+-----
Dodging        | 6 7 8 9 |  9.5
Stealth        | 6 7 8 9 10 | 10.2
Spellcasting   | 8 9 10 11 13 14 | 14.4
Conjurations   | 2 3 4 7 8 |  8.3
Fire Magic     | 11 12 13 15 16 | 16.7
Evocations     | 3 4 5 6 7 |  7.3
Armour         | 1 3 |  3.5
Earth Magic    | 5 7 |  7.9

Action                   |  1- 3 |  4- 6 |  7- 9 | 10-12 || total
-------------------------+-------+-------+-------+-------++-------
Melee: Lance             |       |       |     1 |       ||     1
 Cast: Foxfire           |     4 |       |    13 |       ||    17
       Flame Wave        |       |       |    16 |       ||    16
       Inner Flame       |       |       |     2 |       ||     2
Evoke: Wand              |     4 |       |     2 |       ||     6
       Lightning rod     |     1 |     1 |     1 |       ||     3
       Box of beasts     |     1 |       |     1 |       ||     2
       Tin of tremorston |       |       |     1 |     1 ||     2
  Use: Scroll            |     1 |       |     1 |       ||     2
       Potion            |       |       |     2 |     1 ||     3
Armor: Robe              |     1 |       |       |       ||     1
       Leather armour    |       |       |     1 |       ||     1
Dodge: Dodged            |     2 |       |    15 |     2 ||    19

Table legend: (Time is in decaauts)
 A = Elapsed time spent in this place.
 B = Non-inter-level travel time spent in this place.
 C = Inter-level travel time spent in this place.
 D = Time resting spent in this place.
 E = Time spent auto-exploring this place.
 F = Levels seen in this place.
 G = Mean time per level.
                   A        B        C        D        E       F      G
               +--------+--------+--------+--------+--------+-----+--------+
         Total |    974 |    974 |      0 |    543 |      0 |   1 |  974.0 |
       Dungeon |    974 |    974 |      0 |    543 |      0 |   1 |  974.0 |
               +--------+--------+--------+--------+--------+-----+--------+

Top non-repeatable levels by time:
       D: 974 daAuts
